 Dungeon Crawl Stone Soup version 0.29-a0-813-g4a14ea37d6 (webtiles) character file.

Game seed: 3597553388351772781

138735 quinnr the Stormcaller (level 17, -5/106 HPs)
             Began as a Tengu Air Elementalist on July 4, 2022.
             Was a High Priest of Vehumet.
             Killed by the air
             ... invoked by a wind drake
              (18 damage)
             ... on level 1 of the Shoals.
             The game lasted 02:14:35 (57328 turns).

quinnr the Stormcaller (Tengu Air Elementalist)    Turns: 57328, Time: 02:14:36

Health: -5/106     AC: 11    Str:  8    XL:     17   Next: 26%
Magic:  24/33      EV: 22    Int: 26    God:    Vehumet [*****.]
Gold:   2518       SH:  6    Dex: 11    Spells: 4/38 levels left

rFire   + . .      SeeInvis .   g - staff of air
rCold   + . .      Faith    .   r - +2 buckler
rNeg    . . .      Spirit   .   B - +2 robe {rC+ rF+}
rPois   +          Reflect  .   (helmet restricted)
rElec   +          Harm     .   R - +1 cloak {rCorr}
rCorr   +          Rampage  .   v - +0 pair of gloves
Will    +....                   (boots unavailable)
Stlth   +++.......              M - amulet "Xirghab" {RegenMP rElec rCorr Int+3 Dex-5}
HPRegen 0.27/turn               q - +4 ring of protection
MPRegen 0.63/turn               J - ring of poison resistance

@: flying quickly and evasively, studying Dodging, quick
A: beak, talons 3, nimble flight
a: Renounce Religion


You were on level 1 of the Shoals.
You worshipped Vehumet.
Vehumet was extremely pleased with you.
You visited 7 branches of the dungeon, and saw 29 of its levels.
You also visited: Sewer.

You collected 4923 gold pieces.
You spent 2405 gold pieces at shops.

Inventory:

Hand Weapons
 A - a +2 whip of holy wrath
Missiles
 f - 4 throwing nets
 m - 49 poisoned darts
Armour
 r - a +2 buckler (worn)
 v - a +0 pair of gloves (worn)
 B - a +2 robe of resistance (worn)
 R - a +1 cloak of preservation (worn)
Magical Staves
 g - a staff of air (weapon)
 W - a staff of fire
Jewellery
 e - a +6 ring of dexterity
 l - a ring of positive energy
 q - a +4 ring of protection (left hand)
 w - a +4 ring of slaying
 z - a +6 ring of intelligence
 F - an amulet of magic regeneration
 J - a ring of poison resistance (right hand)
 M - the amulet "Xirghab" (around neck) {RegenMP rElec rCorr Int+3 Dex-5}
   (You bought it in a shop on level 2 of the Orcish Mines)

   [amulet of magic regeneration]

   It increases your rate of magic regeneration.
   Int:       It affects your intelligence (+3).
   Dex:       It affects your dexterity (-5).
   rElec:     It insulates you from electricity.
   rCorr:     It protects you from acid and corrosion.
 T - a ring of protection from fire
Wands
 x - a wand of flame (44)
 E - a wand of mindburst (19)
 L - a wand of charming (17)
 P - a wand of polymorph (12)
 U - a wand of roots (4)
Scrolls
 a - 3 scrolls of noise
 c - 2 scrolls of brand weapon
 i - 9 scrolls of poison
 k - 5 scrolls of vulnerability
 n - a scroll of fog
 o - 5 scrolls of immolation
 p - 8 scrolls of enchant weapon
 u - 11 scrolls of teleportation
 y - 6 scrolls of blinking
 D - a scroll of enchant armour
 K - a scroll of acquirement
 N - 4 scrolls of magic mapping
 Q - 5 scrolls of amnesia
 X - 5 scrolls of fear
Potions
 b - a potion of magic
 d - 2 potions of heal wounds
 h - 7 potions of haste
 j - 3 potions of lignification
 s - a potion of invisibility
 t - 4 potions of attraction
 C - 12 potions of mutation
 G - 14 potions of curing
 H - 4 potions of berserk rage
 I - 2 potions of might
 S - a potion of cancellation
 V - 2 potions of ambrosia
 Y - a potion of brilliance
 Z - a potion of resistance
Miscellaneous
 O - a piece from Xom's chessboard (15/15)


   Skills:
 - Level 12.0 Fighting
 - Level 2.1 Maces & Flails
 - Level 4.0 Armour
 + Level 17.8 Dodging
 - Level 5.0 Stealth
 - Level 4.0 Shields
 + Level 11.1 Spellcasting
 - Level 13.0 Conjurations
 * Level 2.6 Transmutations
 - Level 2.0 Fire Magic
 - Level 20.0 Air Magic
 - Level 6.2 Poison Magic
 - Level 4.0 Evocations


You had 4 spell levels left.
You knew the following spells:

 Your Spells              Type           Power      Damage    Failure   Level
a - Shock                 Conj/Air       100%       1d9       0%          1
b - Static Discharge      Conj/Air       100%       3-16/arc  0%          2
c - Airstrike             Air            54%        0-17+     0%          4
d - Mephitic Cloud        Conj/Pois/Air  89%        N/A       1%          3
e - Olgreb's Toxic Radia  Pois           47%        N/A       1%          4
f - Lightning Bolt        Conj/Air       50%        1d71      1%          5
g - Ignite Poison         Fire/Tmut/Pois 33%        N/A       1%          3
h - Freezing Cloud        Conj/Ice/Air   41%        6-21      1%          5
i - Storm Form            Tmut/Air       42%        N/A       38%         7

Your spell library contained the following spells:

 Spells                   Type           Power      Damage    Failure   Level
 Swiftness                Air            100%       N/A       0%          3
 Magic Dart               Conj           100%       1d8       1%          1
 Conjure Flame            Conj/Fire      52%        6-21      1%          3
 Dazzling Flash           Conj/Hex       96%        N/A       1%          3
 Stone Arrow              Conj/Erth      96%        3d13      1%          3
 Fulminant Prism          Conj/Hex       24%        3d13      1%          4
 Iskenderun's Mystic Bla  Conj/Tloc      48%        2d11      1%          4
 Sticky Flame             Conj/Fire      52%        2d7       1%          4
 Wereblood                Tmut           28%        N/A       2%          2
 Inner Flame              Hex/Fire       19%        N/A       3%          3
 Blink                    Tloc           28%        N/A       8%          2
 Call Imp                 Summ           14%        N/A       8%          2
 Sublimation of Blood     Necr           14%        N/A       8%          2
 Gell's Gravitas          Tloc           14%        N/A       16%         3
 Teleport Other           Tloc           14%        N/A       16%         3
 Petrify                  Tmut/Erth      21%        N/A       30%         4
 Animate Armour           Summ/Erth      28%        N/A       45%         4
 Cause Fear               Hex            7%         N/A       45%         4
 Summon Ice Beast         Ice/Summ       14%        N/A       45%         4
 Starburst                Conj/Fire      26%        6d8       11%         6
 Lee's Rapid Deconstruct  Erth           7%         3d7*      34%         5
 Manifold Assault         Tloc           14%        N/A       82%         5
 Metabolic Englaciation   Hex/Ice        7%         N/A       82%         5
 Summon Mana Viper        Hex/Summ       14%        N/A       82%         5
 Statue Form              Tmut/Erth      14%        N/A       99%         6
 Lehudib's Crystal Spear  Conj/Erth      24%        10d7      99%         8
 Dispersal                Tloc           7%         N/A       100%        6
 Monstrous Menagerie      Summ           7%         N/A       100%        7
 Summon Hydra             Summ           7%         N/A       100%        7
 Discord                  Hex            7%         N/A       100%        8


Dungeon Overview and Level Annotations

Branches:
Dungeon (15/15)            Temple (1/1) D:6            Lair (6/6) D:11
 Shoals (1/4) Lair:4        Snake (3/4) Lair:2        Slime (0/5) Lair:5
    Orc (2/2) D:9             Elf (0/3) Orc:2        Vaults (0/5) D:14
 Depths (1/4) D:15          Sewer (visited)

Altars:
Ashenzari
Cheibriados
Dithmenos
Elyvilon
Fedhas
Gozag
Hepliaklqana
Kikubaaqudgha
Makhleb
Nemelex Xobeh
Okawaru
Qazlal
Ru
Sif Muna
Trog
Uskayaw
Vehumet
Wu Jian
Xom
Yredelemnul
Zin
The Shining One
Jiyva

Shops:
D:7 *([   D:11 ?   D:13 *   Orc:2 *=([=**   Shoals:1 [   Snake:1 :   Snake:2 *

Annotations:
D:10 3 runed translucent doors, exclusion: obsidian statue, chrisa4242's ghost, journeyman OpDe


Innate Abilities, Weirdness & Mutations

You have a beak for a mouth.
You have claws for feet.
Your magical nature lets you fly swiftly and evasively.


Message History

The stinking cloud engulfs the wind drake but does no damage.
You hear an angry hiss.
You hear a shout!
The wind drake is engulfed in noxious fumes.
The faun unwields a +0 quarterstaff.
The faun wields a +0 sling.
The faun shoots a sling bullet.
The sling bullet misses you.
Unknown command.
Casting: Mephitic Cloud (safe; 1% risk of failure)
Confirm with . or Enter, or press ? or * to list all spells.
Aiming: Mephitic Cloud (safe; 1% risk of failure)
Press: ? - help, Shift-Dir - straight line You feel a surge of power!
The ball explodes into a vile cloud!
You hear an angry hiss.
The wind drake is engulfed in noxious fumes.
The wind drake flaps its wings at you. The air twists around and strikes you!!
The faun shoots a sling bullet.
The sling bullet barely misses you.
The dream sheep is engulfed in noxious fumes.
The wind drake is engulfed in noxious fumes.
The wind drake flaps its wings at you. The air twists around and strikes you!!
* * * LOW HITPOINT WARNING * * *
Casting: Mephitic Cloud (safe; 1% risk of failure)
Confirm with . or Enter, or press ? or * to list all spells.
You ignite the poison in your surroundings!
A wind drake comes into view.
The dream sheep shake their wool and sparkle.
You feel drowsy...
You fall asleep.
The wind drake is engulfed in blazing flames.
The faun shoots a sling bullet.
The sling bullet hits you!!
You wake up.
* * * LOW HITPOINT WARNING * * *
The dream sheep is engulfed in blazing flames.
You hear a shout!
Unknown command.
Unknown command.
Unknown command.
The wind drake is engulfed in blazing flames.
Unknown command.
The wind drake flaps its wings at you. The air twists around and strikes you!!
You die...

.≈≈..○)#####.....≈
)..○§○k☼........≈≈≈
≈..○☼☼○○........≈≈≈
...§☼○.)........≈≈≈
..≈≈≈.kY......$..≈≈
...≈≈.............≈≈
...≈≈≈../............
..≈≈≈≈...............
≈≈≈≈≈≈≈....@.≈≈≈≈≈...
≈≈≈≈≈≈........≈≈≈≈..
≈≈≈≈≈≈≈........≈..#
≈≈≈≈≈≈≈≈≈...≈..)..##
≈≈≈≈≈≈≈≈≈≈≈≈≈.........##
≈≈≈≈≈≈≈≈≈≈≈≈≈≈≈.....≈≈≈....P..≈≈
≈≈≈≈≈≈≈≈≈≈.≈†≈≈≈..###........P≈≈≈
≈≈≈≈≈≈≈≈≈≈≈≈≈≈....## ......P≈≈≈≈≈
≈≈≈≈≈≈≈≈≈≈≈≈≈......#. [...PP≈≈≈≈


You could see 2 wind drakes and a dream sheep.

Vanquished Creatures
  Jorgrun (D:12)
  Frances (Lair:2)
  2 nagarajas
  A fire giant (D:15)
  An orc warlord (Orc:2)
  Nessos (D:14)
  Azrael (D:14)
  A merfolk impaler (Shoals:1)
  Josephine (D:14)
  5 hydras
  An ice dragon (Lair:6)
  2 boulder beetles
  A spriggan air mage (Depths:1)
  A merfolk aquamancer (Shoals:1)
  An anaconda (shapeshifter) (D:13)
  2 ogre magi (D:15)
  8 anacondas
  2 dancing weapons (D:14)
  4 naga warriors
  7 centaur warriors
  7 two-headed ogres
  A tengu warrior (D:14)
  2 death yaks
  7 naga sharpshooters
  An orc high priest (Orc:2)
  Urug (Orc:2)
  3 shock serpents
  Nergalle (Orc:2)
  5 skeletal warriors (D:14)
  Lodul (D:14)
  2 salamander mystics (Snake:3)
  2 sea snakes (Shoals:1)
  3 naga ritualists
  2 deep elf pyromancers
  Pikel (D:8)
  4 mana vipers
  2 wolf spiders
  5 orc knights
  14 ugly things
  2 orc sorcerers
  5 cyclopes
  An oklob plant (Lair:5)
  5 salamanders
  2 merfolk sirens (Shoals:1)
  4 fauns (Shoals:1)
  5 manticores
  3 guardian serpents
  Joseph (D:7)
  6 elephants
  10 naga magi
  31 black mambas
  4 torpor snails
  A water nymph (Shoals:1)
  18 cane toads
  13 komodo dragons
  2 rime drakes
  A tengu conjurer (D:14)
  5 merfolk (Shoals:1)
  A queen bee (shapeshifter) (D:13)
  2 polar bears
  A troll (shapeshifter) (D:15)
  2 trolls
  9 meliai
  2 wind drakes (Shoals:1)
  3 hornets
  19 blink frogs
  4 dream sheep
  Prince Ribbit (D:6)
  5 slime creatures (D:13)
  3 water elementals (Shoals:1)
  A vampire (D:11)
  A culicivora (shapeshifter) (D:13)
  2 shadows
  8 wraiths
  13 wyverns
  A fire elemental (D:13)
  47 yaks
  7 basilisks
  6 steam dragons
  2 redbacks (Lair:6)
  An acid dragon (D:10)
  3 wargs
  5 vampire mosquitoes
  29 nagas
  3 hell hounds (D:13)
  29 water moccasins
  An ice beast (D:8)
  21 orc warriors
  16 ogres
  8 black bears
  4 wolves
  4 boggarts (Lair:5)
  23 centaurs
  4 kobold brigands
  18 bullfrogs
  2 necrophages
  2 gnoll sergeants
  6 scorpions
  5 wights (D:10)
  7 killer bees
  4 howler monkeys
  A jelly (D:3)
  A gnoll bouda (D:4)
  6 hounds
  Crazy Yiuf (D:6)
  21 orc priests
  8 hell rats
  6 iguanas
  22 orc wizards
  24 gnolls
  8 adders
  20 river rats
  4 white imps
  An ufetubus (D:4)
  2 worms
  A dart slug (D:2)
  42 orcs
  9 ball pythons
  7 endoplasms
  A giant cockroach (D:1)
  5 goblins
  11 hobgoblins
  2 jackals (D:3)
  11 kobolds
  9 quokkas
  8 bats
  3 frilled lizards
  24 rats
820 creatures vanquished.

Vanquished Creatures (collateral kills)
  3 yaks (Lair:2)
3 creatures vanquished.

Vanquished Creatures (others)
  110 fungi
  186 plants
  2 withered plants (D:1)
298 creatures vanquished.

Grand Total: 1121 creatures vanquished

Notes
Turn   | Place    | Note
-------+----------+-------------------------------------------
     0 | D:1      | quinnr the Tengu Air Elementalist began the quest for the
                  | Orb.
     0 | D:1      | Reached XP level 1. HP: 10/10 MP: 4/4
   140 | D:1      | Reached XP level 2. HP: 15/15 MP: 4/6
   255 | D:1      | Reached skill level 5 in Air Magic
   597 | D:1      | Reached XP level 3. HP: 14/19 MP: 3/7
  1056 | D:1      | Found a faded altar of an unknown god.
  1575 | D:2      | Learned a level 2 spell: Static Discharge
  1718 | D:2      | Reached skill level 6 in Air Magic
  2112 | D:2      | Found a shimmering blue altar of Sif Muna.
  2387 | D:3      | You fall into a shaft and drop 1 floor!
  2444 | D:4      | Reached XP level 4. HP: 24/24 MP: 4/8
  2558 | D:4      | Found a glowing drain.
  2581 | Sewer    | Entered a sewer
  2761 | Sewer    | Reached skill level 7 in Air Magic
  2813 | Sewer    | Gained mutation: Your magical nature lets you fly swiftly
                  | and evasively. [Tengu growth]
  2813 | Sewer    | Reached XP level 5. HP: 8/28 MP: 3/9
  3118 | D:4      | Found an ornate altar of the Wu Jian Council.
  3613 | D:4      | Reached skill level 8 in Air Magic
  4027 | D:3      | Reached XP level 6. HP: 24/32 MP: 5/10
  4185 | D:3      | Reached skill level 9 in Air Magic
  4244 | D:3      | Learned a level 4 spell: Airstrike
  4833 | D:4      | Noticed a black bear
  4915 | D:4      | Killed a black bear
  4916 | D:4      | Reached skill level 1 in Fighting
  5162 | D:4      | Reached XP level 7. HP: 38/38 MP: 3/11
  5424 | D:4      | Found a shimmering altar of Xom.
  5955 | D:5      | Entered Level 5 of the Dungeon
  6467 | D:5      | Reached XP level 8. HP: 12/44 MP: 4/13
  6623 | D:5      | Found a hazy altar of Hepliaklqana.
  6624 | D:5      | Found a faded altar of an unknown god.
  6789 | D:5      | Reached skill level 5 in Dodging
  6949 | D:5      | Reached skill level 5 in Stealth
  7670 | D:6      | Found a staircase to the Ecumenical Temple.
  7679 | Temple   | Entered the Ecumenical Temple
  8107 | D:6      | Found a runed translucent door.
  8108 | D:6      | Noticed Crazy Yiuf
  8454 | D:6      | Noticed Prince Ribbit
  8458 | D:6      | Killed Prince Ribbit
  8459 | D:6      | Reached skill level 10 in Air Magic
  8459 | D:6      | Reached XP level 9. HP: 48/48 MP: 6/17
  8715 | D:6      | Reached skill level 5 in Spellcasting
  8842 | D:6      | Killed Crazy Yiuf
  9084 | D:7      | Found Ucusan's Weapon Shoppe.
  9201 | D:7      | Noticed Joseph
  9426 | D:7      | Killed Joseph
  9664 | D:7      | Found Viynta's Armour Boutique.
  9735 | D:7      | Found Luirghofa's Assorted Antiques.
  9826 | D:7      | Found a shadowy altar of Dithmenos.
 10084 | D:7      | Noticed a hornet
 10087 | D:7      | Killed a hornet
 10345 | D:8      | Found a snail-covered altar of Cheibriados.
 10345 | D:8      | Found a blossoming altar of Fedhas.
 10421 | D:8      | Found an iron altar of Okawaru.
 10504 | D:8      | Reached XP level 10. HP: 34/53 MP: 11/18
 10665 | D:8      | Noticed Pikel
 10676 | D:8      | Killed Pikel
 10677 | D:8      | Reached skill level 11 in Air Magic
 11081 | D:8      | Reached skill level 10 in Dodging
 11570 | D:8      | Reached skill level 1 in Armour
 11898 | D:9      | Learned a level 3 spell: Mephitic Cloud
 12006 | D:7      | Bought a +3 leather armour of willpower for 360 gold pieces
 12236 | D:9      | Reached skill level 1 in Poison Magic
 12526 | D:9      | Found a staircase to the Orcish Mines.
 12782 | D:9      | Found a radiant altar of Vehumet.
 12810 | D:9      | Found an ancient bone altar of Kikubaaqudgha.
 12829 | D:9      | Became a worshipper of Vehumet
 13001 | D:9      | Found a shimmering blue altar of Sif Muna.
 13077 | D:9      | Found a stormy altar of Qazlal.
 13309 | D:9      | Found a bloodstained altar of Trog.
 13562 | D:10     | Entered Level 10 of the Dungeon
 13642 | D:10     | Reached skill level 5 in Conjurations
 13642 | D:10     | Reached XP level 11. HP: 57/57 MP: 7/19
 13942 | D:10     | Noticed a two-headed ogre
 13945 | D:10     | Killed a two-headed ogre
 14074 | D:10     | Reached skill level 12 in Air Magic
 15026 | D:10     | Found a runed translucent gate.
 15026 | D:10     | Found a runed translucent gate.
 15026 | D:10     | Found a runed translucent gate.
 15028 | D:10     | Found an opulent altar of Gozag.
 15158 | D:10     | Noticed an obsidian statue
 15163 | D:10     | Noticed chrisa4242's ghost (journeyman OpDe)
 15231 | D:10     | Found a sparkling altar of Nemelex Xobeh.
 15353 | D:11     | Found Ovym's Magic Scroll Emporium.
 15371 | D:11     | Bought a scroll of magic mapping for 38 gold pieces
 15371 | D:11     | Bought a scroll of teleportation for 33 gold pieces
 15449 | D:11     | Found a staircase to the Lair.
 15477 | D:11     | Noticed a boulder beetle
 15481 | D:11     | Noticed a cyclops
 15710 | D:11     | Noticed a manticore
 16320 | D:10     | Killed a cyclops
 16497 | D:11     | Reached * piety under Vehumet
 16497 | D:11     | Offered knowledge of Foxfire by Vehumet.
 16629 | D:11     | Killed a boulder beetle
 16838 | D:10     | Killed a manticore
 16869 | D:10     | Noticed a death drake
 18287 | D:12     | Reached skill level 13 in Air Magic
 18545 | D:12     | Noticed a cyclops
 18548 | D:12     | Killed a cyclops
 18549 | D:12     | Reached XP level 12. HP: 40/62 MP: 7/20
 18812 | D:12     | Reached skill level 10 in Conjurations
 18981 | D:12     | Noticed Jorgrun
 19230 | D:13     | Noticed a centaur warrior
 19233 | D:13     | Killed a centaur warrior
 19475 | Lair:1   | Entered Level 1 of the Lair of Beasts
 19648 | Lair:1   | Offered knowledge of Searing Ray by Vehumet.
 19916 | Lair:1   | Reached ** piety under Vehumet
 21151 | Lair:1   | Offered knowledge of Scorch by Vehumet.
 21307 | Lair:1   | Reached *** piety under Vehumet
 21570 | Lair:1   | Reached skill level 14 in Air Magic
 21768 | Lair:1   | Offered knowledge of Olgreb's Toxic Radiance by Vehumet.
 21774 | Lair:1   | Learned a level 4 spell: Olgreb's Toxic Radiance
 21848 | Lair:1   | Identified the +2 halberd "Leopt" {vorpal, Str+4 Dex+3}
 22058 | Lair:2   | Found a stormy altar of Qazlal.
 23240 | Lair:2   | Noticed a six-headed hydra
 23245 | Lair:2   | Killed a six-headed hydra
 23442 | Lair:2   | Noticed a death yak
 23634 | Lair:1   | Killed a death yak
 23828 | Lair:2   | Found a staircase to the Snake Pit.
 23844 | Lair:2   | Reached skill level 5 in Poison Magic
 23844 | Lair:2   | Reached XP level 13. HP: 68/68 MP: 13/22
 24861 | Lair:3   | You are sucked into a shaft and drop 1 floor!
 25118 | Lair:4   | Reached **** piety under Vehumet
 25432 | Lair:3   | Offered knowledge of Sticky Flame by Vehumet.
 25772 | Lair:3   | Found an opulent altar of Gozag.
 27116 | Lair:4   | Found a staircase to the Shoals.
 28551 | Lair:4   | Reached skill level 5 in Fighting
 29752 | Lair:5   | Reached ***** piety under Vehumet
 29872 | Lair:5   | Offered knowledge of Lightning Bolt by Vehumet.
 29879 | Lair:5   | Learned a level 5 spell: Lightning Bolt
 30172 | Lair:5   | Reached skill level 1 in Shields
 30926 | Lair:5   | Identified the +11 dire flail "Xoxotov" {protect, Will+
                  | Dex+2 Stlth+}
 31207 | Lair:5   | Found a viscous altar of Jiyva.
 31207 | Lair:5   | Found a staircase to the Slime Pits.
 31517 | Lair:6   | Entered Level 6 of the Lair of Beasts
 32314 | Lair:6   | Reached XP level 14. HP: 80/80 MP: 9/25
 33541 | Lair:6   | Identified the ring of Skepticism {rCorr Int+3 Dex+5
                  | Stlth-}
 33640 | Lair:6   | Reached skill level 15 in Air Magic
 36975 | Orc:1    | Entered Level 1 of the Orcish Mines
 37298 | Orc:1    | Paralysed by an orc sorcerer for 5 turns
 37581 | Orc:1    | Offered knowledge of Fireball by Vehumet.
 37788 | Orc:2    | Entered Level 2 of the Orcish Mines
 37796 | Orc:2    | Reached skill level 16 in Air Magic
 38182 | Orc:2    | Found a staircase to the Elven Halls.
 38664 | Orc:2    | Found Jiaw's Jewellery Emporium.
 38946 | Orc:1    | Identified 2 scrolls of acquirement
 38946 | Orc:1    | Acquired a staff of air
 38947 | Orc:1    | Acquired an Everburning Encyclopedia
 38954 | Orc:1    | Learned a level 3 spell: Ignite Poison
 39432 | Orc:2    | Noticed Nergalle
 39432 | Orc:2    | Noticed an orc warlord
 39566 | Orc:2    | Reached skill level 1 in Fire Magic
 39956 | Orc:2    | Killed an orc warlord
 39957 | Orc:2    | Reached skill level 1 in Transmutations
 40134 | Orc:2    | Offered knowledge of Iron Shot by Vehumet.
 40362 | Orc:2    | Killed Nergalle
 40627 | Orc:2    | Reached XP level 15. HP: 90/90 MP: 23/26
 40627 | Orc:2    | Noticed Urug
 40632 | Orc:2    | Killed Urug
 40733 | Orc:2    | Found Jyofupyr's General Store.
 40739 | Orc:2    | Found Pofutz's Jewellery Shoppe.
 40741 | Orc:2    | Found Japp's Antique Armour Shoppe.
 40857 | Orc:2    | Found Zacloacs's Antique Weapon Shoppe.
 40909 | Orc:2    | Found Tuttept's General Store.
 40909 | Orc:2    | Found Happ's Specific Store.
 41082 | Orc:2    | Bought the amulet "Xirghab" {RegenMP rElec rCorr Int+3
                  | Dex-5} for 499 gold pieces
 41112 | Orc:2    | quinnr: ??order
 41112 | Orc:2    | beem: hyperelliptic[1/2]: D:11 -> Lair -> D:12 -> Orc ->
                  | D:15 -> S:3 -> maybe other S:3 -> maybe Elf:1-2 -> get both
                  | S runes -> Vaults:4 -> maybe Crypt -> Depths:4 -> Vaults:5
                  | -> maybe Slime -> Zot ("S" means Shoals/Snake/Spider/Swamp)
 41112 | Orc:2    | quinnr: ??order[2
 41112 | Orc:2    | beem: sorear[6/7]: Do the closest level that you can
                  | handle. Use your brain.
 41112 | Orc:2    | quinnr: ??order[3
 41112 | Orc:2    | beem: Mintice[1/1]: Mintice's Ultimate ??order for 0.26
                  | Melee Chars: D:10 -> Lair -> Orc -> D:15 -> Snake or Spider
                  | -> Vaults:4 -> Swamp or Shoals -> (Optional Elf) -> Depths
                  | -> Slime -> Vaults:5 -> Zot:4 -> Ditch Oka or Trog and go
                  | TSO -> Crypt -> Hell Entrance -> Hells according to resists
                  | -> Pan -> Abyss -> Tomb -> Z:5 -> D:0
 41112 | Orc:2    | quinnr: ??order[4
 41112 | Orc:2    | beem: I don't have a page labeled order[4] in my learndb.
 41247 | D:12     | Killed Jorgrun
 41484 | D:13     | Reached skill level 15 in Dodging
 42119 | D:13     | Reached skill level 10 in Fighting
 42139 | D:13     | Reached skill level 17 in Air Magic
 42426 | D:13     | Found Muubor's CLEARANCE SALE!.
 42434 | D:13     | Bought a potion of heal wounds for 45 gold pieces
 42434 | D:13     | Bought 3 scrolls of noise for 27 gold pieces
 42434 | D:13     | Bought a scroll of teleportation for 27 gold pieces
 43130 | D:14     | Noticed Azrael
 43701 | D:14     | Found a gate to the Vaults.
 44342 | D:14     | Noticed Josephine
 44349 | D:14     | Killed Josephine
 44802 | D:14     | Killed Azrael
 44966 | D:14     | Identified the +5 long sword of Impermanence {vamp, rF-
                  | Int+5}
 45139 | D:14     | Noticed Lodul
 45143 | D:14     | Killed Lodul
 45956 | D:14     | Noticed Nessos
 46318 | D:14     | Killed Nessos
 46515 | D:15     | Entered Level 15 of the Dungeon
 46788 | D:15     | Reached skill level 18 in Air Magic
 46877 | D:15     | Paralysed by something for 5 turns
 47193 | D:15     | Found a radiant altar of Vehumet.
 47272 | D:15     | Reached XP level 16. HP: 100/100 MP: 15/29
 47321 | D:15     | Found a staircase to the Depths.
 47458 | D:15     | Identified the +5 scale mail of Qazlal's Esteem {Drain
                  | rElec Will+ Stlth+}
 48136 | Depths:1 | Entered Level 1 of the Depths
 48550 | Snake:1  | Entered Level 1 of the Snake Pit
 48551 | Snake:1  | Noticed Frances
 48805 | Lair:2   | Killed Frances
 48963 | Lair:2   | Found a stormy altar of Qazlal.
 50206 | Snake:1  | Identified the +5 short sword of the Volcano {freeze,
                  | Will+}
 50687 | Snake:1  | Reached skill level 19 in Air Magic
 50850 | Snake:1  | Found Irash's Self-Improvement Boutique.
 50924 | Snake:1  | Bought a manual of Dodging for 1120 gold pieces
 51223 | Snake:2  | Found Pits's Assorted Antiques.
 51226 | Snake:2  | Bought a faintly glowing cloak for 256 gold pieces
 51226 | Snake:2  | Identified the -2 cloak of Squeaky Tender Moments {+Blink
                  | Will+ Str-3 Int+2} (You bought it in a shop on level 2 of
                  | the Snake Pit)
 51297 | Snake:2  | Noticed a nagaraja
 51325 | Snake:2  | Killed a nagaraja
 52368 | Snake:2  | Reached skill level 10 in Spellcasting
 53195 | Snake:3  | Noticed a nagaraja
 53207 | Snake:3  | Killed a nagaraja
 53727 | Snake:2  | HP: 4/101 [anaconda (8)]
 54261 | Snake:2  | Found Pits's Assorted Antiques.
 55678 | Snake:3  | Reached XP level 17. HP: 76/106 MP: 18/32
 55909 | Snake:3  | Identified the +7 plate armour of the Vacuum {+Inv rC-
                  | Str+5 Int-3}
 55914 | Snake:3  | Acquired 744 gold pieces
 55915 | Snake:3  | Acquired 888 gold pieces
 56169 | Snake:3  | Reached skill level 20 in Air Magic
 56414 | Shoals:1 | Entered Level 1 of the Shoals
 56422 | Shoals:1 | Offered knowledge of Freezing Cloud by Vehumet.
 57117 | Shoals:1 | Learned a level 5 spell: Freezing Cloud
 57128 | Shoals:1 | Learned a level 7 spell: Storm Form
 57314 | Shoals:1 | Found Orebbat's Armour Shoppe.
 57328 | Shoals:1 | Killed from afar by a wind drake

Illustrated notes

Levels and vault maps discovered:
D:1:      amcnicky_arrival_gap_in_the_tavern_cellar, layout_loops_ring,
          shapermc_ecumenical_altar_flowoftime
D:2:      layout_basic, basic_altar
D:3:      layout_rooms
D:4:      layout_loops_ring, marbit_many_paths, brannock_xom_greatest_gift,
          portal_sewer_entry_b, serial_bayou_lake_a
D:5:      layout_loops_ring, beargit_hepliaklqana_dungeon_heroes,
          minmay_misc_feat_rugged
D:6:      layout_cave_pools, minmay_temple_entry_large_hall,
          uniq_prince_ribbit1, uniq_crazy_yiuf_cottage
D:7:      layout_rooms, grunt_dithmenos_smoke_and_mirrors, serial_shops,
          nicolae_shop_hallway_stairs, nicolae_shop_advertising_works
          [nicolae_subvault_shop_adworks], shop, grunt_ministairs_12,
          corexii_hall_statues_s, amcnicky_mini_corridor_feature,
          nicolae_grassy_gnolls, uniq_joseph
D:8:      layout_gridville, grunt_temple_overflow_open, uniq_pikel
D:9:      layout_loops_ring, grunt_temple_overflow_magic_moments,
          lemuel_round_altar, trog_butcher_becter, minmay_misc_feat_ornament
D:10:     layout_loops_corners, kennysheep_mini, ebering_ghost_gozag
D:11:     cheibrodos_steamvent, layout_loops_corners,
          due_lair_maze_entry_diamond, serial_shops, nicolae_shop_statue_plus
D:12:     layout_rooms, minmay_fountain_box, uniq_jorgrun
D:13:     layout_basic, nicolae_shop_clearance
D:14:     layout_long_grid, erik_vaults_1, hangedman_decor_points, uniq_lodul,
          uniq_azrael, uniq_josephine, uniq_nessos
D:15:     grunt_enter_depths_giant_problem, layout_stronghold, vehumet_crystals
Temple:   nicolae_temple_cloud_nine
Lair:1:   lemuel_ratsnest, layout_chaotic_city, grunt_megastairs_2,
          lemuel_fruit_fields, serial_bayou_shore_b
Lair:2:   layout_gridlike, guppyfry_snake_entry_garden, basic_altar,
          grunt_megastairs_3
Lair:3:   layout_cave_pods, basic_altar, minivault_26
Lair:4:   layout_cave_pods, minmay_shoals_entry_centaurs, kennysheep_rathole
Lair:5:   layout_small_grid, dpeg_slime_entry_enclosed, nicolae_lair_lil_pond,
          minmay_lair_oklob_bushes, kilobyte_rumbling_trees
Lair:6:   hangedman_lair_tendril_chambers, layout_regular_city,
          serial_bayou_pond_b, bobbens_ice_dragon_lair,
          infiniplex_staircase_pool
Shoals:1: layout_shoals, nicolae_take_the_stairs
Snake:1:  layout_concentric_octagons, nicolae_shop_self_help, uniq_frances
Snake:2:  layout_onion_interference, serial_shops, shop_statue
Snake:3:  layout_cave_town
Orc:1:    layout_diamond_mine
Orc:2:    grunt_orc_cross, layout_diamond_mine, serial_shops, shop,
          nicolae_orc_stony_grotto, nicolae_specific_store
Depths:1: minmay_expanding_circles, layout_gridlike, abyss_entry,
          nrook_mini_vaults, grunt_hell_entry_dis_mu, st_stairs_13,
          serial_sigils_hangedman_etch, grunt_decor_clamped, feat_on_display

Skill      XL: |  1  2  3  4  5  6  7  8  9 10 11 12 13 14 15 16 17 |
---------------+----------------------------------------------------+-----
Air Magic      | 5 6 7 8 9 10 11 13 14 16 18 19 20 | 20.0
Fighting       | 1 2 3 6 9 11 12 | 12.0
Dodging        | 4 6 9 10 11 12 13 14 15 16 17 | 17.8
Stealth        | 4 5 |  5.0
Spellcasting   | 3 4 5 7 8 10 11 | 11.1
Conjurations   | 3 5 9 13 | 13.0
Evocations     | 4 |  4.0
Maces & Flails | 2 |  2.1
Armour         | 3 4 |  4.0
Poison Magic   | 2 4 5 6 |  6.2
Shields        | 4 |  4.0
Fire Magic     | 2 |  2.0
Transmutations | 1 2 |  2.6

Action                   |  1- 3 |  4- 6 |  7- 9 | 10-12 | 13-15 | 16-18 || total
-------------------------+-------+-------+-------+-------+-------+-------++-------
Melee: Unarmed           |     1 |       |       |     2 |       |       ||     3
       Dagger            |    21 |     3 |     1 |       |       |       ||    25
       Kick              |    13 |       |     7 |    24 |    33 |       ||    77
       Peck              |     8 |       |     3 |     9 |    21 |     1 ||    42
       Punch             |     3 |       |     1 |     2 |       |       ||     6
       Whip              |       |       |    17 |    34 |       |       ||    51
       Staff             |       |       |       |     2 |    46 |     2 ||    50
Throw: Dart              |       |     2 |       |       |       |       ||     2
 Cast: Shock             |    74 |   125 |   138 |   204 |   144 |    13 ||   698
       Static Discharge  |       |     8 |     7 |    71 |    92 |    23 ||   201
       Airstrike         |       |       |    56 |   169 |   490 |   312 ||  1027
       Mephitic Cloud    |       |       |       |    27 |    56 |     8 ||    91
       Olgreb's Toxic Ra |       |       |       |     4 |    28 |       ||    32
       Lightning Bolt    |       |       |       |       |    98 |    63 ||   161
       Ignite Poison     |       |       |       |       |    18 |     4 ||    22
Evoke: Wand              |       |       |    10 |       |    24 |     1 ||    35
       Piece from Xom's  |       |       |       |     1 |     1 |     1 ||     3
  Use: Scroll            |     6 |     1 |     2 |     7 |    16 |     2 ||    34
       Potion            |       |     1 |     4 |       |     3 |     5 ||    13
 Stab: Sleeping          |       |       |     1 |       |       |       ||     1
       Confused          |       |       |       |     5 |     6 |       ||    11
Armor: Robe              |       |     7 |    17 |    33 |    44 |    33 ||   134
Dodge: Dodged            |     4 |    17 |    51 |   195 |   246 |   151 ||   664
Block: Buckler           |       |       |       |       |    69 |    51 ||   120

Table legend: (Time is in decaauts)
 A = Elapsed time spent in this place.
 B = Non-inter-level travel time spent in this place.
 C = Inter-level travel time spent in this place.
 D = Time resting spent in this place.
 E = Time spent auto-exploring this place.
 F = Levels seen in this place.
 G = Mean time per level.
                   A        B        C        D        E       F      G
               +--------+--------+--------+--------+--------+-----+--------+
         Total |  55247 |  52842 |   2405 |  15223 |  30836 |  30 | 1841.6 |
       Dungeon |  25456 |  24190 |   1266 |   6206 |  14898 |  15 | 1697.1 |
        Temple |     50 |     38 |     12 |      0 |     36 |   1 |   50.0 |
          Lair |  18605 |  17823 |    782 |   6034 |   9685 |   6 | 3100.8 |
        Shoals |    681 |    652 |     29 |     86 |    432 |   1 |  681.0 |
     Snake Pit |   5859 |   5619 |    240 |   1098 |   3763 |   3 | 1953.0 |
  Orcish Mines |   4037 |   3965 |     72 |   1426 |   1942 |   2 | 2018.5 |
        Depths |     40 |     40 |      0 |      0 |      0 |   1 |   40.0 |
         Sewer |    516 |    516 |      0 |    370 |     78 |   1 |  516.0 |
               +--------+--------+--------+--------+--------+-----+--------+

Top non-repeatable levels by time:
  Lair:5: 4238 daAuts
  Lair:1: 3947 daAuts
  Lair:4: 3140 daAuts
  Lair:6: 3005 daAuts
    D:13: 2978 daAuts
 Snake:2: 2963 daAuts
  Lair:2: 2753 daAuts
    D:10: 2634 daAuts
   Orc:2: 2334 daAuts
    D:14: 2300 daAuts
    D:11: 2258 daAuts
     D:4: 1975 daAuts
     D:8: 1905 daAuts
   Orc:1: 1702 daAuts
     D:6: 1687 daAuts
